 Dungeon Crawl Stone Soup version 0.31-a0-702-gf82c85558f (webtiles) character file.

Game seed: 965581195402201931

198 runemasterragnar the Ruffian (level 5, -12/42 HPs)
             Began as a Demigod Shapeshifter on Sept 8, 2023.
             Mangled by an ogre
             ... wielding a +0 giant club
              (17 damage)
             ... on level 4 of the Dungeon.
             The game lasted 00:02:20 (2666 turns).

runemasterragnar the Ruffian (Demigod Shapeshifter) Turns: 2666, Time: 00:02:20

Health: -12/42     AC:  6    Str: 19    XL:     5   Next: 23%
Magic:  7/7        EV: 17    Int: 12    God:
Gold:   204        SH:  0    Dex: 13    Spells: 4/4 levels left

rFire   . .          .
                       - Unarmed
rCold   . . .        (no shield)
rNeg    . . .        a - +0 animal skin
rPois   .            (helmet currently unavailable)
rElec   .            (cloak currently unavailable)
rCorr   .            (gloves currently unavailable)
SInv    .            (boots currently unavailable)
Will    .....        (no amulet)
Stlth   +            e - +5 ring of evasion
HPRegen 0.27/turn    l - +4 ring of protection
MPRegen 0.10/turn

%: no passive effects
@: beast-form
A: beast (slay +2), high MP 1, forlorn, divine attributes
a: Begin Untransformation


You were on level 4 of the Dungeon.
You were a hulking beast.
You visited 1 branch of the dungeon, and saw 4 of its levels.

You collected 204 gold pieces.

Inventory:

Hand Weapons
 n - the +4 dagger "Riwunwoxurph" {elec, Str+2}
   (You found it on level 2 of the Dungeon)

   Str+2:     It affects your strength (+2).
Armour
 a - a +0 animal skin (worn)
Jewellery
 e - a +5 ring of evasion (left hand)
 l - a +4 ring of protection (right hand)
 p - an amulet of guardian spirit
Talismans
 c - a beast talisman (active)
 d - a flux talisman
Scrolls
 h - 4 scrolls of identify {unknown}
 i - a scroll of vulnerability {unknown}
 j - 3 scrolls of teleportation {unknown}
 k - a scroll of enchant armour {unknown}
 m - a scroll of enchant weapon {unknown}
 o - a scroll of torment {unknown}
 q - a scroll of revelation {unknown}
Potions
 b - 3 potions of lignification
 f - 2 potions of curing {unknown}
 g - 3 potions of haste {unknown}
 r - a potion of magic {unknown}


   Skills:
 + Level 2.4 Fighting
 + Level 3.0 Dodging
 + Level 3.6 Unarmed Combat
 + Level 3.5 Shapeshifting


You had 4 spell levels left.
You didn't know any spells.
Your spell library contained the following spells:

 Spells                   Type           Power      Damage    Failure   Level
 Necrotise                Necr           0%         1d4       32%         1
 Ensorcelled Hibernation  Hex/Ice        0%         N/A       45%         2
 Passwall                 Tmut/Erth      0%         N/A       45%         2
 Gell's Gravitas          Tloc           0%         N/A       69%         3
 Swiftness                Air            0%         N/A       69%         3
 Teleport Other           Tloc           0%         N/A       69%         3
 Dispersal                Tloc           0%         N/A       100%        6


Dungeon Overview and Level Annotations

Branches:
Dungeon (4/15)
 Temple: D:4-7


Innate Abilities, Weirdness & Mutations

You are a hulking beast.
Your limbs bulge with bestial killing power. (Slay +2)
You have an increased reservoir of magic. (+10% MP)
You shall have no god before yourself.
Your divine heritage dramatically boosts your attributes as you level up.


Message History

An adder is nearby!
You hit the adder.
You kill the adder!
No target in view!
No target in view!
You see here an adder corpse.
You now have 204 gold pieces (gained 12).
A kobold comes into view. It is wielding a +0 dagger.
A kobold is nearby!
A kobold is nearby!
An ogre comes into view. It is wielding a +0 giant club.
The kobold shouts!
The ogre shouts!
You hear an angry hiss.
You hit the ogre.
The ogre is moderately wounded.
The ogre closely misses you. The kobold hits you but does no damage.
You barely miss the kobold. You barely miss the kobold.
The kobold hits you but does no damage.
You hit the kobold.
You kill the kobold!
You hit the ogre but do no damage.
The ogre is moderately wounded.
The ogre closely misses you.
An adder comes into view.
You punch the ogre!
The ogre is heavily wounded.
You hit the ogre.
The ogre is heavily wounded.
The ogre hits you with a +0 giant club!!
Ouch! That really hurt!
You closely miss the ogre.
The ogre is heavily wounded.
The ogre hits you with a +0 giant club!
* * * LOW HITPOINT WARNING * * *
You punch the ogre!
The ogre is almost dead.
Okay, then.
You hit the ogre.
The ogre is almost dead.
The ogre hits you with a +0 giant club!
You die...

######.#.###
#.#.#
#############.#.#
#.........†...#.#
#.#############.#
#.# ## #..
#.###.## ###
#.##...##
#.hOS...#
####...##
............#
########.......
###.### #


You could see an ogre and an adder.

Vanquished Creatures
  A phantom (D:4)
  A sleepcap (D:4)
  4 adders
  A worm (D:3)
  A dart slug (D:2)
  6 orcs (D:3)
  4 bats
  3 endoplasms
  5 giant cockroaches
  4 goblins
  3 hobgoblins
  3 jackals (D:1)
  5 kobolds
  3 quokkas
  4 ball pythons (D:1)
  2 frilled lizards (D:1)
  3 rats
53 creatures vanquished.

Notes
Turn   | Place    | Note
-------+----------+-------------------------------------------
     0 | D:1      | runemasterragnar the Demigod Shapeshifter began the quest
                  | for the Orb.
     0 | D:1      | Reached XP level 1. HP: 15/15 MP: 3/3
   139 | D:1      | Reached skill level 1 in Fighting
   231 | D:1      | Reached XP level 2. HP: 23/23 MP: 4/4
   993 | D:2      | Got Plato's Handbook of Malevolent Rites
  1025 | D:2      | Reached XP level 3. HP: 23/28 MP: 5/5
  1113 | D:2      | Identified the +4 dagger "Riwunwoxurph" {elec, Str+2}
  2112 | D:3      | Reached XP level 4. HP: 33/36 MP: 6/6
  2566 | D:4      | Noticed a phantom
  2581 | D:4      | Killed a phantom
  2582 | D:4      | Reached XP level 5. HP: 32/42 MP: 7/7
  2654 | D:4      | Noticed an ogre
  2666 | D:4      | Mangled by an ogre

Illustrated notes

Levels and vault maps discovered:
D:1:      wander_arrival_estate, layout_basic
D:2:      layout_rooms, shapermc_ecumenical_altar_rom_forum,
          minmay_misc_feat_chi, minmay_misc_feat_x, kennysheep_generic_room_14
D:3:      layout_basic, amcnicky_altar_gilded, hangedman_decor_clover_reticule
D:4:      layout_loops_ring, serial_shops, shop

Skill      XL: |  1  2  3  4 |
---------------+-------------+-----
Fighting       | 1 2 |  2.4
Dodging        | 2 3 |  3.0
Unarmed Combat | 3 |  3.6
Shapeshifting  | 3 |  3.5

Action                     |  1- 3 |  4- 6 || total
---------------------------+-------+-------++-------
  Melee: Unarmed           |   175 |    58 ||   233
         Punch             |     1 |     1 ||     2
   Stab: Sleeping          |     3 |       ||     3
 Armour: Animal skin       |    59 |    21 ||    80
  Dodge: Dodged            |   143 |    35 ||   178

Table legend: (Time is in decaauts)
 A = Elapsed time spent in this place.
 B = Non-inter-level travel time spent in this place.
 C = Inter-level travel time spent in this place.
 D = Time resting spent in this place.
 E = Time spent auto-exploring this place.
 F = Levels seen in this place.
 G = Mean time per level.
                   A        B        C        D        E       F      G
               +--------+--------+--------+--------+--------+-----+--------+
         Total |   2650 |   2596 |     54 |      0 |   2158 |   4 |  662.5 |
       Dungeon |   2650 |   2596 |     54 |      0 |   2158 |   4 |  662.5 |
               +--------+--------+--------+--------+--------+-----+--------+

Top non-repeatable levels by time:
     D:3: 933 daAuts
     D:1: 877 daAuts
     D:2: 661 daAuts
     D:4: 178 daAuts
